 Dungeon Crawl Stone Soup version 0.29.1-15-g9cfb28693d (webtiles) character file.

Game seed: 1834183761778818116

279 Ast3rio the Cutter (level 6, 0/51 (53) HPs)
             Began as a Gnoll Cinder Acolyte on Mar 7, 2023.
             Was a High Priest of Ignis.
             Succumbed to Crazy Yiuf's poison
             ... on level 4 of the Dungeon.
             The game lasted 00:09:26 (5519 turns).

Ast3rio the Cutter (Gnoll Cinder Acolyte)           Turns: 5519, Time: 00:09:26

HP:   0/51 (53)     AC: 15    Str: 15    XL:     6   Next: 26%
MP:   1/11          EV:  4    Int: 13    God:    Ignis [*****.]
Gold: 186           SH:  0    Dex:  8    Spells: 9/11 levels left

rFire   + + .      SeeInvis .   e - staff of fire
rCold   . . .      Faith    .   (no shield)
rNeg    . . .      Spirit   .   r - +0 plate armour
rPois   .          Reflect  .   q - +0 helmet
rElec   .          Harm     .   (no cloak)
rCorr   .          Rampage  .   p - +2 pair of gloves {infuse}
Will    .....                   (no boots)
Stlth   ..........              (no amulet)
HPRegen 0.17/turn               (no ring)
MPRegen 0.12/turn               (no ring)

@: lethally poisoned (0 -> -1), lightly drained, invisible
A: fangs 1, strong nose, distributed training
a: Renounce Religion, Fiery Armour, Foxfire Swarm, Rising Flame


You were on level 4 of the Dungeon.
You worshipped Ignis.
Ignis was extremely pleased with you.
You visited 1 branch of the dungeon, and saw 4 of its levels.

You collected 186 gold pieces.

Inventory:

Hand Weapons
 a - a -1 short sword of flaming
 h - a +1 halberd of venom
Armour
 b - a +0 robe
 p - a +2 pair of gloves of infusion (worn)
 q - a +0 helmet (worn)
 r - a +0 plate armour (worn)
Magical Staves
 e - a staff of fire (weapon)
Wands
 s - a wand of flame (15)
Scrolls
 c - 6 scrolls of teleportation {unknown}
 d - 5 scrolls of identify {unknown}
 f - 2 scrolls of immolation {unknown}
 g - a scroll of blinking {unknown}
 i - a scroll of vulnerability {unknown}
 j - a scroll of torment {unknown}
 n - a scroll of magic mapping {unknown}
 o - a scroll of fear {unknown}
 u - a scroll of summoning {unknown}
Potions
 k - a potion of heal wounds {unknown}
 l - a potion of lignification {unknown}
 m - a potion of magic {unknown}
 t - a potion of curing


   Skills:
 + Level 6.8 Fighting
 + Level 6.8 Short Blades
 + Level 2.0 Long Blades
 + Level 2.0 Axes
 + Level 2.0 Maces & Flails
 + Level 2.0 Polearms
 + Level 2.0 Staves
 + Level 2.0 Ranged Weapons
 + Level 2.0 Throwing
 + Level 2.0 Armour
 + Level 2.0 Dodging
 + Level 2.0 Stealth
 + Level 2.0 Shields
 + Level 2.0 Unarmed Combat
 + Level 3.4 Spellcasting
 + Level 1.5 Conjurations
 + Level 1.5 Hexes
 + Level 1.5 Summonings
 + Level 1.5 Necromancy
 + Level 1.5 Translocations
 + Level 1.5 Transmutations
 + Level 5.6 Fire Magic
 + Level 1.5 Ice Magic
 + Level 1.5 Air Magic
 + Level 1.5 Earth Magic
 + Level 1.5 Poison Magic
 + Level 2.1 Invocations
 + Level 2.0 Evocations


You had 9 spell levels left.
You knew the following spells:

 Your Spells              Type           Power      Damage    Failure   Level
a - Scorch                Fire           50%        2d8       95%         2

Your spell library contained the following spells:

 Spells                   Type           Power      Damage    Failure   Level
 Magic Dart               Conj           24%        1d4       100%        1
 Searing Ray              Conj           12%        2d4       100%        2
 Animate Armour           Summ/Erth      12%        N/A       100%        4
 Fulminant Prism          Conj/Hex       3%         3d6       100%        4
 Blade Hands              Tmut           3%         N/A       100%        5
 Iron Shot                Conj/Erth      3%         9d2       100%        6


Dungeon Overview and Level Annotations

Branches:
Dungeon (4/15)
 Temple: D:4-7

Altars:
Qazlal

Shops:
D:4 *


Innate Abilities, Weirdness & Mutations

You have very sharp teeth.
Your uncanny sense of smell can sniff out nearby items.
Your experience applies equally to all skills.


Message History

You are confused.
Crazy Yiuf attacks as you move away!
Crazy Yiuf hits you with a +2 quarterstaff of chaos.
You closely miss Crazy Yiuf.
Crazy Yiuf is heavily wounded.
Crazy Yiuf grits, "Prologue senile disdain!"
Crazy Yiuf hits you but does no damage.
You are poisoned.
You barely miss Crazy Yiuf. You bite Crazy Yiuf, but do no damage.
Crazy Yiuf is heavily wounded.
You feel less confused.
You feel sick.
Crazy Yiuf hits you with a +2 quarterstaff of chaos.
You feel your power leaking away.
You closely miss Crazy Yiuf. Your bite misses Crazy Yiuf.
Crazy Yiuf is heavily wounded.
You feel sick.
Crazy Yiuf hits you with a +2 quarterstaff of chaos!
* * * LOW HITPOINT WARNING * * *
You feel your power leaking away.
You barely miss Crazy Yiuf.
Crazy Yiuf is heavily wounded.
You feel sick.
Crazy Yiuf says, "Liver Orb Guardian Xom!"
Crazy Yiuf hits you with a +2 quarterstaff of chaos.
* * * LOW HITPOINT WARNING * * *
You feel drained.
You hit Crazy Yiuf. You burn Crazy Yiuf. You punch Crazy Yiuf.
Your bite misses Crazy Yiuf.
Crazy Yiuf is almost dead.
You feel sick.
Crazy Yiuf drinks a potion.
Crazy Yiuf is healed!
You hit Crazy Yiuf but do no damage. You burn Crazy Yiuf!
Crazy Yiuf is almost dead.
You feel sick.
Crazy Yiuf hits you with a +2 quarterstaff of chaos.
* * * LOW HITPOINT WARNING * * *
You fade into invisibility!
You hit Crazy Yiuf.
You kill Crazy Yiuf!
You die...

.# #.....## #..###
.###### #.<..##
##....#
......####...##
#..#..#
#...........##
####### #
#####..#####.# ##
.# ##..^8^..#
####. .##
#######.# #####
####.... ..#
#####...## #)..###
##.......
..###.....###
#@).'.####........
..##.....##
#...##..#.........
#.........##
########.#........
#..........#
#######....
#..........##
#....
#.#.†.>.....#
#####....
..#.........#
#........
.##.|.......#
##.......
.##.........#
#.......


There were no monsters in sight!

Vanquished Creatures
  A bullfrog (D:4)
  Crazy Yiuf (D:4)
  An iguana (D:4)
  Ijyb (D:4)
  5 adders
  4 gnolls (D:2)
  A worm (D:4)
  3 dart slugs
  2 orcs
  9 endoplasms
  3 goblins
  8 hobgoblins
  3 jackals (D:1)
  A quokka (D:1)
  6 ball pythons
  3 bats
  4 frilled lizards
  10 kobolds
  5 rats
71 creatures vanquished.

Notes
Turn   | Place    | Note
-------+----------+-------------------------------------------
     0 | D:1      | Ast3rio the Gnoll Cinder Acolyte began the quest for the
                  | Orb.
     0 | D:1      | Reached XP level 1. HP: 23/23 MP: 4/4
   319 | D:1      | Reached XP level 2. HP: 23/29 MP: 5/5
   322 | D:1      | Learned a level 2 spell: Scorch
  1101 | D:1      | Reached XP level 3. HP: 35/35 MP: 7/7
  1107 | D:1      | Found a faded altar of an unknown god.
  1712 | D:2      | Reached skill level 1 in Invocations
  1814 | D:2      | Reached skill level 1 in Long Blades
  1814 | D:2      | Reached skill level 1 in Axes
  1814 | D:2      | Reached skill level 1 in Maces & Flails
  1814 | D:2      | Reached skill level 1 in Polearms
  1814 | D:2      | Reached skill level 1 in Staves
  1814 | D:2      | Reached skill level 1 in Ranged Weapons
  1814 | D:2      | Reached skill level 1 in Throwing
  1814 | D:2      | Reached skill level 1 in Armour
  1814 | D:2      | Reached skill level 1 in Dodging
  1814 | D:2      | Reached skill level 1 in Stealth
  1814 | D:2      | Reached skill level 1 in Shields
  1814 | D:2      | Reached skill level 1 in Unarmed Combat
  1814 | D:2      | Reached skill level 1 in Evocations
  2062 | D:2      | Reached XP level 4. HP: 41/41 MP: 5/8
  2236 | D:2      | Reached skill level 1 in Conjurations
  2236 | D:2      | Reached skill level 1 in Hexes
  2236 | D:2      | Reached skill level 1 in Summonings
  2236 | D:2      | Reached skill level 1 in Necromancy
  2236 | D:2      | Reached skill level 1 in Translocations
  2236 | D:2      | Reached skill level 1 in Transmutations
  2236 | D:2      | Reached skill level 1 in Ice Magic
  2236 | D:2      | Reached skill level 1 in Air Magic
  2236 | D:2      | Reached skill level 1 in Earth Magic
  2236 | D:2      | Reached skill level 1 in Poison Magic
  3310 | D:2      | Reached XP level 5. HP: 4/47 MP: 1/9
  4360 | D:4      | Noticed Ijyb
  4363 | D:4      | Found a stormy altar of Qazlal.
  4379 | D:4      | Killed Ijyb
  4629 | D:4      | Found Caroeg's Lightly-Used Armoury.
  4940 | D:4      | Reached XP level 6. HP: 38/53 MP: 5/11
  5432 | D:4      | Found a runed translucent door.
  5433 | D:4      | Noticed Crazy Yiuf
  5518 | D:4      | HP: 1/51 [Crazy Yiuf/+2 quarterstaff of chaos (4)]
  5519 | D:4      | Killed Crazy Yiuf
  5519 | D:4      | Succumbed to Crazy Yiuf's poison

Illustrated notes

Levels and vault maps discovered:
D:1:      psy_arrival_heroes, layout_loops_ring,
          chequers_ecumenical_altar_simple, hex_tiny, st_stairs_7
D:2:      layout_basic
D:3:      layout_rooms, minivault_25
D:4:      layout_cave_pods, lemuel_crystal_altar, ebering_dispersal_statue_hall,
          minmay_shop_damaged, nrook_uturn, grunt_tough_drop,
          uniq_crazy_yiuf_cottage, uniq_ijyb

Skill      XL: |  1  2  3  4  5  6 |
---------------+-------------------+-----
Invocations    | 1 2 |  2.1
Long Blades    | 1 2 |  2.0
Axes           | 1 2 |  2.0
Maces & Flails | 1 2 |  2.0
Polearms       | 1 2 |  2.0
Staves         | 1 2 |  2.0
Ranged Weapons | 1 2 |  2.0
Throwing       | 1 2 |  2.0
Armour         | 1 2 |  2.0
Dodging        | 1 2 |  2.0
Stealth        | 1 2 |  2.0
Shields        | 1 2 |  2.0
Unarmed Combat | 1 2 |  2.0
Evocations     | 1 2 |  2.0
Spellcasting   | 3 |  3.4
Conjurations   | 1 |  1.5
Hexes          | 1 |  1.5
Summonings     | 1 |  1.5
Necromancy     | 1 |  1.5
Translocations | 1 |  1.5
Transmutations | 1 |  1.5
Ice Magic      | 1 |  1.5
Air Magic      | 1 |  1.5
Earth Magic    | 1 |  1.5
Poison Magic   | 1 |  1.5
Fighting       | |  6.8
Short Blades   | |  6.8
Fire Magic     | |  5.6

Action                   |  1- 3 |  4- 6 || total
-------------------------+-------+-------++-------
Melee: Short sword       |    43 |       ||    43
       Bite              |    13 |    17 ||    30
       Staff             |    90 |   125 ||   215
       Punch             |       |     2 ||     2
 Cast: Scorch            |     2 |    12 ||    14
Invok: Fiery Armour      |       |     1 ||     1
 Stab: Sleeping          |     1 |       ||     1
Armor: Robe              |    30 |    11 ||    41
       Plate armour      |       |    33 ||    33
Dodge: Dodged            |    66 |    62 ||   128
